 Dungeon Crawl Stone Soup version 0.31-a0-836-g3ceb0a68c4 (webtiles) character file.

Game seed: 4406428068910521582

290 Kurtz the Chopper (level 6, 0/42 HPs)
             Began as an Octopode Fighter on Sept 26, 2023.
             Slain by an orc warrior
             ... wielding a +0 scimitar
              (17 damage)
             ... on level 4 of the Dungeon.
             The game lasted 00:01:43 (3329 turns).

Kurtz the Chopper (Octopode Fighter)                Turns: 3329, Time: 00:01:43

Health: 0/42       AC:  1    Str: 18    XL:     6   Next: 32%
Magic:  6/6        EV: 13    Int: 10    God:
Gold:   163        SH:  4    Dex: 11    Spells: 5/5 levels left

rFire   . . .        a - +0 war axe
rCold   . . .        b - +0 buckler
rNeg    . . .        (helmet restricted)
rPois   .            (no amulet)
rElec   .            e - ring of willpower
rCorr   .            (no ring)
SInv    .            (no ring)
Will    +....        (no ring)
Stlth   ++           (no ring)
HPRegen 0.27/turn    (no ring)
MPRegen 0.10/turn    (no ring)
                     (no ring)

%: no passive effects
@: hasted, very quick
A: almost no armour, amphibious, 8 rings, camouflage 1, gelatinous body 1,
(nimble swimmer 1), tentacles
a: no special abilities


You were on level 4 of the Dungeon.
You visited 1 branch of the dungeon, and saw 4 of its levels.

You collected 163 gold pieces.

Inventory:

Hand Weapons
 a - a +0 war axe (weapon)
Armour
 b - a +0 buckler (worn)
Jewellery
 e - a ring of willpower (left tentacle)
 f - a ring of magical power
 m - the ring "Esiy" {rN+ Int+3 Dex+2 SInv}
   (You took it off a hobgoblin on level 2 of the Dungeon)

   [ring of see invisible]

   Int+3:     It affects your intelligence (+3).
   Dex+2:     It affects your dexterity (+2).
   rN+:       It protects you from negative energy.
   SInv:      It lets you see invisible.
Scrolls
 d - 5 scrolls of identify {unknown}
 i - a scroll of butterflies {unknown}
 l - a scroll of enchant armour {unknown}
 n - 2 scrolls of revelation {unknown}
 o - a scroll of blinking {unknown}
 p - a scroll of poison {unknown}
 r - a scroll of teleportation {unknown}
Potions
 c - a potion of might
 g - 2 potions of haste
 h - 2 potions of curing
 j - a potion of brilliance {unknown}
 k - 2 potions of lignification {unknown}
 q - a potion of degeneration {unknown}
 s - a potion of berserk rage {unknown}
 t - a potion of magic {unknown}


   Skills:
 - Level 3.0 Fighting
 * Level 6.5 Axes
 - Level 3.0 Dodging
 - Level 3.0 Shields


You had 5 spell levels left.
You didn't know any spells.
Your spell library contained the following spells:

 Spells                   Type           Power      Damage    Failure   Level
 Lesser Beckoning         Tloc           0%         N/A       58%         2
 Sublimation of Blood     Necr           0%         N/A       58%         2
 Wereblood                Tmut           0%         N/A       58%         2
 Gell's Gravitas          Tloc           0%         N/A       82%         3
 Stone Arrow              Conj/Erth      0%         3d7       82%         3
 Teleport Other           Tloc           0%         N/A       82%         3
 Summon Hydra             Summ           0%         N/A       100%        7
 Lehudib's Crystal Spear  Conj/Erth      0%         10d2      100%        8
 Animate Armour           Summ/Erth      Unusable   N/A       N/A         4

Dungeon Overview and Level Annotations

Branches:
Dungeon (4/15)             Temple (0/1) D:4

Altars:
Elyvilon

Shops:
D:4 [

Annotations:
D:3 exclusion: downstairs


Innate Abilities, Weirdness & Mutations

You cannot wear most types of armour.
You are amphibious.
You can wear up to eight rings at the same time.
Your skin changes colour to match your surroundings (Stealth+).
Your rubbery body absorbs attacks. (AC +1, EV +1)
((You are camouflaged when in or above water. (Stealth+)))
You have tentacles for arms and can constrict up to eight enemies at once.


Message History

You resist with almost no effort.
You start waiting.
An orc priest is nearby!
An orc comes into view. It is wielding a +0 dagger.
The orc warrior shouts!
The orc shouts!
The orc priest calls down the wrath of Beogh upon you.
Beogh smites you!
You slash the orc priest!
You kill the orc priest!
Unknown command.
The orc wizard casts a spell at you.
You are confused.
Things that are here:
a +0 short sword; a +0 ring mail You are too confused!
Unknown command.
You are too confused!
You are too confused!
Unknown command.
It was a potion of haste.
You feel yourself speed up.
It was a potion of curing.
You feel better.
The orc wizard gestures wildly while chanting.
The orc wizard flickers and vanishes!
Deactivating autopickup; reactivate with Ctrl-A.
You hit the orc warrior but do no damage.
Your grab misses the orc warrior.
The orc warrior hits you with a +0 scimitar!
You hit the orc warrior but do no damage.
Your grab misses the orc warrior. You squeeze the orc warrior.
The orc warrior is lightly wounded.
The orc warrior hits you with a +0 scimitar!
Unknown command.
You hit the orc warrior. You grab the orc warrior.
The orc warrior is moderately wounded.
You constrict the orc warrior, but do no damage.
You hit the orc warrior but do no damage.
The orc warrior is moderately wounded.
You constrict the orc warrior, but do no damage.
The orc warrior hits you with a +0 scimitar!
You die...

#.###.....##.......#...........
#..##.#.#..#.....).#....<....##
##.'.).>...'.......#.........#
###..#.#..#.......#.........##
#......##.......'..........#
###...##...................#
#####...o{o.....§§.#####.#
#####o####..>§.# #.#
#@####..§..### #..
#...##.......# #..
###.###.#.#..# #.. #.# #...#..#
#.. #.# ###.#..###.. #.#
#.#....... #.#####.#.#####.
#.......#.# #. #########.#####.


You could see an orc warrior and 2 orcs.

Vanquished Creatures
  A scorpion (D:4)
  A hound (D:4)
  2 orc priests
  An orc wizard (D:4)
  A gnoll (D:1)
  3 adders
  7 orcs
  4 bats
  4 endoplasms
  2 giant cockroaches
  4 goblins
  9 hobgoblins
  8 jackals
  6 kobolds
  4 quokkas
  9 ball pythons
  3 frilled lizards
  4 rats
73 creatures vanquished.

Notes
Turn   | Place    | Note
-------+----------+-------------------------------------------
     0 | D:1      | Kurtz the Octopode Fighter began the quest for the Orb.
     0 | D:1      | Reached XP level 1. HP: 16/16 MP: 1/1
    96 | D:1      | Reached XP level 2. HP: 19/21 MP: 2/2
   258 | D:1      | Reached skill level 3 in Axes
   577 | D:1      | Reached XP level 3. HP: 26/26 MP: 3/3
  1275 | D:2      | Reached skill level 4 in Axes
  1336 | D:2      | Reached XP level 4. HP: 26/31 MP: 4/4
  1440 | D:2      | Identified the ring "Esiy" {rN+ Int+3 Dex+2 SInv}
  1858 | D:3      | Reached skill level 5 in Axes
  1887 | D:3      | Reached XP level 5. HP: 17/36 MP: 5/5
  2653 | D:4      | Found a white marble altar of Elyvilon.
  2654 | D:4      | Noticed an orc warrior
  3138 | D:4      | Reached skill level 6 in Axes
  3138 | D:4      | Reached XP level 6. HP: 36/42 MP: 6/6
  3187 | D:4      | Found Loptuph's Armour Boutique.
  3246 | D:4      | Found a staircase to the Ecumenical Temple.
  3329 | D:4      | Slain by an orc warrior

Illustrated notes

Levels and vault maps discovered:
D:1:      sevenhm_arrival_forest_fort_large_4, layout_basic, serial_forest,
          infiniplex_forest_clump_cross, infiniplex_forest_lined_room_2,
          infiniplex_forest_clump_medium, infiniplex_forest_clump_C,
          infiniplex_forest_diagonal, infiniplex_forest_straight_3,
          infiniplex_forest_lined_3, dreamdust_princess_bridge, minmay_tripent
D:2:      layout_rooms, minivault_27
D:3:      layout_basic, saegor_snake_ambush
D:4:      layout_basic, elyvilon_altar_5, minmay_temple_entry_purple_smoke,
          serial_shops, shop, kennysheep_small_circle

Skill      XL: |  1  2  3  4  5 |
---------------+----------------+-----
Axes           | 3 4 5 6 |  6.5
Fighting       | |  3.0
Dodging        | |  3.0
Shields        | |  3.0

Action                     |  1- 3 |  4- 6 || total
---------------------------+-------+-------++-------
  Melee: War axe           |    54 |    75 ||   129
         Constrict         |    13 |    18 ||    31
         Tentacles         |    10 |    11 ||    21
    Use: Potion            |       |     2 ||     2
   Stab: Sleeping          |     6 |     8 ||    14
 Armour: Skin              |    22 |    31 ||    53
  Dodge: Dodged            |    37 |    32 ||    69
  Block: Buckler           |    11 |    14 ||    25

Table legend: (Time is in decaauts)
 A = Elapsed time spent in this place.
 B = Non-inter-level travel time spent in this place.
 C = Inter-level travel time spent in this place.
 D = Time resting spent in this place.
 E = Time spent auto-exploring this place.
 F = Levels seen in this place.
 G = Mean time per level.
                   A        B        C        D        E       F      G
               +--------+--------+--------+--------+--------+-----+--------+
         Total |   3367 |   3238 |    129 |    719 |   2076 |   4 |  841.8 |
       Dungeon |   3367 |   3238 |    129 |    719 |   2076 |   4 |  841.8 |
               +--------+--------+--------+--------+--------+-----+--------+

Top non-repeatable levels by time:
     D:3: 1105 daAuts
     D:1: 1073 daAuts
     D:4: 619 daAuts
     D:2: 569 daAuts
